 Dungeon Sprint DCSS version 0.19-a0-1834-g6b7851e (webtiles) character file.

431 poirepourri the Zephyrmancer (level 7, -13/37 HPs)
             Began as a Tengu Air Elementalist on Oct 9, 2016.
             Was an Initiate of Vehumet.
             Shot with an arrow by a centaur warrior (16 damage)
             ... in the Dungeon (Sprint I: "Red Sonja").
             The game lasted 00:02:29 (932 turns).

poirepourri the Zephyrmancer (TeAE)                  Turns: 932, Time: 00:02:30

Health: -13/37     AC:  2    Str:  8    XL:     7   Next: 0%
Magic:  17/20      EV: 13    Int: 17    God:    Vehumet [......]
Gold:   62         SH:  0    Dex: 15    Spells: 4 memorised, 16 levels left

rFire  . . .     SeeInvis .     g - -1 dagger (curse)
rCold  . . .     Gourm    .     a - +0 robe
rNeg   . . .     Faith    .     (no shield)
rPois  .         Spirit   .     (helmet restricted)
rElec  .         Dismiss  .     (no cloak)
rCorr  .         Reflect  .     (no gloves)
MR     .....     Harm     .     (boots unavailable)
Stlth  ++........ NoTele   +    (no amulet)
                                (no ring)
                                (no ring)

@: no status effects
A: beak, talons 3, able to fly 1
a: Fly, Renounce Religion


You were in the Dungeon.
You worshipped Vehumet.
Vehumet was noncommittal.
You were not hungry.

You visited 1 branch You collected 297 gold pieces.
You spent 235 gold pieces at shops.

Inventory:

Hand Weapons
 g - a cursed -1 dagger (weapon)
 k - the +1 halberd of Eternal War {protect, Stlth+}
   (You bought it in a shop in the Dungeon)

   It protects the one who uses it against injury (+AC on strike).
   It makes you more stealthy.
Armour
 a - a +0 robe (worn)
Scrolls
 i - a scroll of blinking
Potions
 d - a potion of curing
 e - a potion of flight {unknown}
 f - a potion of haste
 h - a potion of berserk rage
Books
 b - a book of Air

   Spells                             Type                      Level
   a - Shock                          Conjuration/Air              1
   b - Swiftness                      Charms/Air                   2
   c - Repel Missiles                 Charms/Air                   2
   d - Static Discharge               Conjuration/Air              3
   e - Lightning Bolt                 Conjuration/Air              5
Comestibles
 c - a bread ration


   Skills:
 - Level 0.8 Fighting
 - Level 2.1 Dodging
 - Level 2.0 Stealth
 * Level 9.1 Spellcasting
 + Level 6.6 Conjurations
 + Level 12.5 Air Magic


You had 16 spell levels left.
You knew the following spells:

 Your Spells              Type           Power        Failure   Level  Hunger
a - Shock                 Conj/Air       ####         1%          1    None
b - Swiftness             Chrm/Air       ####....     1%          2    None
c - Repel Missiles        Chrm/Air       ####..       1%          2    None
d - Static Discharge      Conj/Air       #####...     1%          3    None


Dungeon Overview and Level Annotations

Branches:
Dungeon (1/1)

Altars:
Cheibriados
Dithmenos
Elyvilon
Fedhas
Gozag
Hepliaklqana
Kikubaaqudgha
Nemelex Xobeh
Okawaru
Qazlal
Ru
Sif Muna
Trog
Uskayaw
Vehumet
Yredelemnul
Zin
The Shining One

Shops:
D (


Innate Abilities, Weirdness & Mutations

You have a beak for a mouth.
You have claws for feet.
You can fly.


Message History

Confirm with . or Enter, or press ? or * to list all spells.
Aiming: Shock
Press: ? - help, Shift-Dir - straight line The zap hits the centaur warrior.
The centaur warrior is moderately wounded.
The zap hits the centaur warrior.
The centaur warrior is moderately wounded.
The centaur warrior shoots an arrow.
The arrow hits you!!
Ouch! That really hurt!
* * * LOW HITPOINT WARNING * * *
Casting: Shock
Confirm with . or Enter, or press ? or * to list all spells.
Aiming: Shock
Press: ? - help, Shift-Dir - straight line The zap hits the centaur warrior.
The centaur warrior is heavily wounded.
The zap hits the centaur warrior.
The centaur warrior is severely wounded.
The centaur warrior shoots an arrow.
The arrow hits you!
You die...

################
#<.#..'..#..'(.#
#..÷.)#..').#..+
#..#####'#####@#
#..####..#...#[####§§
#..#__####..##.#§§≈§c#
#..#_____##'#..c§§≈.§
#⌠⌠#_.∩...'..._#§≈≈.c#
####_..__##_.#'##+####
#_____###+#)# #######
###


You could see a centaur warrior.

Vanquished Creatures
  Sigmund (D)
  A yak (D)
  An ogre (D)
  A jelly (D)
  Ijyb (D)
5 creatures vanquished.

Vanquished Creatures (others)
  2 hornets (D)
2 creatures vanquished.

Grand Total: 7 creatures vanquished

Notes
Turn   | Place    | Note
-------+----------+-------------------------------------------
     0 | D        | poirepourri the Tengu Air Elementalist began the quest for the Orb.
     0 | D        | Reached XP level 1. HP: 10/10 MP: 4/4
     3 | D        | Noticed Ijyb
    16 | D        | Killed Ijyb
    16 | D        | Reached skill level 6 in Air Magic
    16 | D        | Reached XP level 2. HP: 9/15 MP: 2/7
    16 | D        | Reached XP level 3. HP: 12/19 MP: 2/9
   142 | D        | Noticed an ogre
   148 | D        | Killed an ogre
   148 | D        | Reached skill level 5 in Spellcasting
   148 | D        | Reached skill level 9 in Air Magic
   148 | D        | Reached XP level 4. HP: 2/24 MP: 4/12
   429 | D        | Learned a level 2 spell: Swiftness
   432 | D        | Learned a level 2 spell: Repel Missiles
   436 | D        | Learned a level 3 spell: Static Discharge
   439 | D        | Noticed Sigmund
   449 | D        | Killed Sigmund
   449 | D        | Reached skill level 5 in Conjurations
   449 | D        | Reached skill level 11 in Air Magic
   449 | D        | Gained mutation: You can fly. [Tengu growth]
   449 | D        | Reached XP level 5. HP: 9/28 MP: 3/16
   449 | D        | Reached XP level 6. HP: 10/33 MP: 3/17
   585 | D        | Killed a hornet
   683 | D        | Found a deep blue altar of Sif Muna.
   692 | D        | Found a radiant altar of Vehumet.
   722 | D        | Became a worshipper of Vehumet
   726 | D        | Found Oquo's Weapon Emporium.
   726 | D        | Found an ancient bone altar of Kikubaaqudgha.
   726 | D        | Found a hazy altar of Hepliaklqana.
   726 | D        | Found a stormy altar of Qazlal.
   726 | D        | Found a hide-covered altar of Uskayaw.
   726 | D        | Found a blossoming altar of Fedhas.
   726 | D        | Found a bloodstained altar of Trog.
   726 | D        | Found an iron altar of Okawaru.
   726 | D        | Found a basalt altar of Yredelemnul.
   726 | D        | Found a glowing golden altar of the Shining One.
   726 | D        | Found a snail-covered altar of Cheibriados.
   726 | D        | Found a sacrificial altar of Ru.
   726 | D        | Found a glowing silver altar of Zin.
   726 | D        | Found a shadowy altar of Dithmenos.
   726 | D        | Found a white marble altar of Elyvilon.
   726 | D        | Noticed a yak
   743 | D        | Killed a yak
   743 | D        | Reached skill level 12 in Air Magic
   743 | D        | Reached XP level 7. HP: 16/37 MP: 7/20
   785 | D        | Killed a hornet
   874 | D        | Noticed a centaur warrior
   879 | D        | Found an opulent altar of Gozag.
   880 | D        | Found a sparkling altar of Nemelex Xobeh.
   915 | D        | Bought the +1 halberd of Eternal War {protect, Stlth+} for 235 gold pieces
   925 | D        | Noticed a centaur warrior
   932 | D        | Shot with an arrow by a centaur warrior

Vault maps used:
D:        dungeon_sprint_1

Skill      XL: |  1  2  3  4  5  6 |
---------------+-------------------+-----
Spellcasting   | 3 5 7 9 |  9.1
Conjurations   | 2 3 5 6 |  6.6
Air Magic      | 6 9 11 12 | 12.5
Fighting       | |  0.8
Dodging        | |  2.1
Stealth        | |  2.0

Action                   |  1- 3 |  4- 6 |  7- 9 || total
-------------------------+-------+-------+-------++-------
 Cast: Shock             |    13 |    24 |     5 ||    42
 Abil: Fly               |       |     2 |       ||     2
  Use: Potion            |     3 |       |       ||     3
       Scroll            |       |       |     1 ||     1
Armor: Robe              |       |     1 |       ||     1
Dodge: Dodged            |     3 |     7 |     1 ||    11
